General information
- name: BNet
- type: Ladder team game (AT/RT)
- host: Battle.net
- saver: JacobCampbell
map: FullScaleAssault
- players: 8
- length: 15:20
- speed: Fast
- version: 1.26 W3XP
- replay type: Public
» download(84 KB)
Players
team 1 (loser)

»
Tower.Ftw (
yellow | 37 APM | 451 actions | 12:12)
2 Demon Hunter
1 Mana Burn
1 Evasion
» actions
| Assign group hotkey | 5 | |
| Build / train | 40 | |
| Enter build submenu | 13 | |
| Enter hero's abilities submenu | 2 | |
| Right click | 191 | |
| Select / deselect | 160 | |
| Select group hotkey | 4 | |
| Use ability | 36 | |
451 total
» units
| Wisp | 22 | |
| Druid of the Talon | 10 | |
| Chimaera | 1 | |
33 total
» upgrades
| Strength of the Wild | 1 | |
| Reinforced Hides | 1 | |
2 total
» buildings
| Altar of Elders | 1 | |
| Moon Well | 5 | |
| Ancient of War | 2 | |
| Tree of Ages | 1 | |
| Tree of Life | 1 | |
| Hunter's Hall | 1 | |
| Tree of Eternity | 1 | |
| Ancient of Wind | 2 | |
| Chimaera Roost | 1 | |
15 total
» build order
00:14 Altar of Elders
00:24 Moon Well
01:34 Moon Well
01:46 Ancient of War
02:16 Moon Well
02:40 Ancient of War
03:57 Tree of Ages
04:14 Tree of Life
04:35 Moon Well
04:42 Hunter's Hall
06:02 Moon Well
06:18 Tree of Eternity
06:22 Ancient of Wind
07:33 Ancient of Wind
09:55 Chimaera Roost
cun7puncher69 (
blue | 27 APM | 413 actions | 15:09)
2 Death Knight
1 Death Coil
1 Unholy Aura
» actions
| Assign group hotkey | 11 | |
| Build / train | 35 | |
| Enter build submenu | 10 | |
| Enter hero's abilities submenu | 3 | |
| Remove unit from queue | 2 | |
| Right click | 188 | |
| Select / deselect | 102 | |
| Select group hotkey | 35 | |
| Use ability | 27 | |
413 total
» units
| Acolyte | 2 | |
| Ghoul | 11 | |
| Crypt Fiend | 5 | |
| Necromancer | 2 | |
| Meatwagon | 1 | |
21 total
» upgrades
» buildings
| Crypt | 1 | |
| Ziggurat | 4 | |
| Altar of Darkness | 1 | |
| Tomb of Relics | 1 | |
| Graveyard | 1 | |
| Halls of the Dead | 1 | |
| Spirit Tower | 3 | |
| Temple of the Damned | 2 | |
| Slaughterhouse | 1 | |
15 total
» build order
03:28 Crypt
03:38 Ziggurat
03:40 Altar of Darkness
03:55 Ziggurat
04:17 Tomb of Relics
05:15 Graveyard
06:47 Halls of the Dead
08:10 Spirit Tower
08:11 Spirit Tower
11:23 Temple of the Damned
11:24 Temple of the Damned
11:27 Slaughterhouse
11:55 Ziggurat
13:40 Spirit Tower
14:11 Ziggurat
» items
| Rod of Necromancy | 2 | |
| Scroll of Town Portal | 1 | |
3 total

»
Vajango (
red | 48 APM | 734 actions | 15:19)
3 Warden
1 Fan of Knives
2 Blink
» actions
| Basic commands | 5 | |
| Build / train | 49 | |
| ESC pressed | 1 | |
| Enter build submenu | 16 | |
| Enter hero's abilities submenu | 3 | |
| Remove unit from queue | 2 | |
| Right click | 407 | |
| Select / deselect | 202 | |
| Use ability | 49 | |
734 total
» units
| Wisp | 11 | |
| Archer | 2 | |
| Huntress | 12 | |
| Glaive Thrower | 5 | |
| Druid of the Talon | 1 | |
31 total
» upgrades
| Strength of the Moon | 2 | |
| Moon Armor | 2 | |
| Vorpal Blades | 1 | |
| Druid of the Talon Training | 2 | |
| Upgrade Moon Glaive | 1 | |
8 total
» buildings
| Altar of Elders | 1 | |
| Moon Well | 4 | |
| Ancient of War | 3 | |
| Hunter's Hall | 1 | |
| Ancient of Wonders | 1 | |
| Tree of Ages | 1 | |
| Ancient of Wind | 1 | |
| Tree of Eternity | 1 | |
| Ancient Protector | 2 | |
15 total
» build order
00:17 Altar of Elders
00:20 Moon Well
01:04 Ancient of War
02:04 Moon Well
03:05 Hunter's Hall
03:31 Ancient of War
04:29 Ancient of Wonders
05:52 Tree of Ages
05:58 Moon Well
10:32 Ancient of Wind
10:38 Moon Well
11:23 Tree of Eternity
11:34 Ancient of War
14:25 Ancient Protector
14:34 Ancient Protector
» items

»
cclassic (
purple | 31 APM | 480 actions | 15:15)
3 Death Knight
2 Death Coil
1 Unholy Aura
» actions
| Assign group hotkey | 25 | |
| Basic commands | 32 | |
| Build / train | 47 | |
| ESC pressed | 7 | |
| Enter build submenu | 12 | |
| Enter hero's abilities submenu | 3 | |
| Remove unit from queue | 2 | |
| Right click | 92 | |
| Select / deselect | 156 | |
| Select group hotkey | 86 | |
| Use ability | 18 | |
480 total
» units
| Acolyte | 2 | |
| Ghoul | 6 | |
| Crypt Fiend | 14 | |
| Goblin Shredder | 1 | |
| Abomination | 5 | |
| Hippogryph | 2 | |
30 total
» upgrades
| Unholy Strength | 1 | |
| Creature Attack | 1 | |
| Unholy Armor | 2 | |
| Creature Carapace | 2 | |
| Web | 1 | |
7 total
» buildings
| Ziggurat | 5 | |
| Altar of Darkness | 1 | |
| Crypt | 1 | |
| Nerubian Tower | 2 | |
| Graveyard | 1 | |
| Halls of the Dead | 1 | |
| Slaughterhouse | 1 | |
| Black Citadel | 1 | |
| Temple of the Damned | 1 | |
14 total
» build order
00:39 Ziggurat
00:42 Altar of Darkness
00:48 Crypt
01:35 Ziggurat
01:40 Nerubian Tower
02:09 Graveyard
02:54 Ziggurat
03:58 Ziggurat
04:09 Nerubian Tower
05:32 Halls of the Dead
08:05 Slaughterhouse
09:50 Black Citadel
13:34 Temple of the Damned
13:39 Ziggurat
team 2 (winner)

»
Thesauce (
pink | 16 APM | 1 actions | 00:03)
just.bought.wc3 (
orange | 71 APM | 1089 actions | 15:19)
5 Death Knight
3 Death Coil
2 Unholy Aura
5 Pit Lord
3 Howl of Terror
2 Cleaving Attack
» actions
| Assign group hotkey | 15 | |
| Basic commands | 20 | |
| Build / train | 65 | |
| Enter build submenu | 28 | |
| Enter hero's abilities submenu | 11 | |
| Right click | 415 | |
| Select / deselect | 281 | |
| Select group hotkey | 194 | |
| Use ability | 60 | |
1089 total
» units
| Peasant | 10 | |
| Acolyte | 5 | |
| Ghoul | 2 | |
| Crypt Fiend | 10 | |
| Frost Wyrm | 6 | |
33 total
» upgrades
| Creature Attack | 3 | |
| Web | 1 | |
| Creature Carapace | 3 | |
| Freezing Breath | 1 | |
| Masonry | 1 | |
9 total
» buildings
| Altar of Kings | 1 | |
| Farm | 2 | |
| Graveyard | 1 | |
| Altar of Darkness | 1 | |
| Ziggurat | 8 | |
| Crypt | 1 | |
| Scout Tower | 5 | |
| Nerubian Tower | 1 | |
| Arcane Tower | 1 | |
| Halls of the Dead | 1 | |
| Lumber Mill | 1 | |
| Guard Tower | 1 | |
| Sacrificial Pit | 1 | |
| Black Citadel | 1 | |
| Boneyard | 4 | |
| Keep | 2 | |
32 total
» build order
00:20 Altar of Kings
00:34 Farm
00:44 Farm
00:57 Graveyard
01:06 Altar of Darkness
01:08 Ziggurat
01:17 Crypt
01:48 Scout Tower
01:51 Scout Tower
02:01 Ziggurat
02:12 Nerubian Tower
02:27 Arcane Tower
02:53 Halls of the Dead
03:25 Ziggurat
03:27 Ziggurat
03:54 Lumber Mill
04:41 Scout Tower
04:43 Scout Tower
04:50 Scout Tower
05:33 Guard Tower
06:56 Sacrificial Pit
06:57 Black Citadel
09:46 Boneyard
09:47 Boneyard
09:53 Boneyard
09:54 Boneyard
10:50 Ziggurat
10:51 Ziggurat
12:39 Ziggurat
12:40 Ziggurat
13:34 Keep
13:34 Keep
» items

»
dalerdalerdaler (
green | 37 APM | 563 actions | 15:19)
4 Archmage
2 Summon Water Elemental
2 Brilliance Aura
» actions
| Assign group hotkey | 18 | |
| Basic commands | 3 | |
| Build / train | 56 | |
| Enter build submenu | 22 | |
| Enter hero's abilities submenu | 4 | |
| Give item / drop item | 1 | |
| Remove unit from queue | 1 | |
| Right click | 173 | |
| Select / deselect | 134 | |
| Select group hotkey | 113 | |
| Use ability | 38 | |
563 total
» units
| Peasant | 15 | |
| Rifleman | 12 | |
| Knight | 2 | |
29 total
» upgrades
| Masonry | 2 | |
| Gunpowder | 2 | |
| Long Rifles | 1 | |
| Plating | 2 | |
| Lumber Harvesting | 1 | |
| Animal War Training | 1 | |
9 total
» buildings
| Blacksmith | 1 | |
| Altar of Kings | 1 | |
| Farm | 12 | |
| Lumber Mill | 1 | |
| Barracks | 3 | |
| Arcane Vault | 1 | |
| Scout Tower | 1 | |
| Arcane Tower | 1 | |
| Town Hall | 1 | |
| Keep | 1 | |
| Castle | 1 | |
24 total
» build order
00:11 Blacksmith
00:14 Altar of Kings
00:24 Farm
00:42 Farm
01:31 Lumber Mill
01:54 Barracks
02:10 Arcane Vault
02:31 Farm
03:10 Scout Tower
03:44 Arcane Tower
04:45 Farm
05:32 Farm
06:48 Town Hall
07:17 Keep
09:56 Barracks
11:01 Castle
11:05 Farm
11:46 Barracks
13:44 Farm
13:48 Farm
13:51 Farm
14:35 Farm
14:37 Farm
14:39 Farm
» items
| Lesser Clarity Potion | 2 | |
| Scroll of Regeneration | 4 | |
| Scroll of Town Portal | 1 | |
| Orb of Fire | 1 | |
8 total
JacobCampbell (
teal | 71 APM | 1090 actions | 15:20)
6 Blademaster
3 Wind Walk
2 Critical Strike
1 Bladestorm
4 Shadow Hunter
2 Hex
2 Healing Wave
» actions
| Assign group hotkey | 32 | |
| Basic commands | 19 | |
| Build / train | 49 | |
| Enter build submenu | 21 | |
| Enter hero's abilities submenu | 13 | |
| Give item / drop item | 5 | |
| Remove unit from queue | 2 | |
| Right click | 552 | |
| Select / deselect | 228 | |
| Select group hotkey | 105 | |
| Use ability | 64 | |
1090 total
» units
| Peon | 9 | |
| Acolyte | 2 | |
| Grunt | 4 | |
| Goblin Shredder | 1 | |
| Wind Rider | 1 | |
17 total
» upgrades
| Ranged Weapons | 3 | |
| Armor | 2 | |
| Troll Regeneration | 1 | |
| Envenomed Spears | 1 | |
| Reinforced Defenses | 1 | |
| Liquid Fire | 1 | |
| Ensnare | 1 | |
10 total
» buildings
| Ziggurat | 1 | |
| Orc Burrow | 4 | |
| Crypt | 1 | |
| Altar of Storms | 1 | |
| Barracks | 1 | |
| Voodoo Lounge | 1 | |
| Stronghold | 1 | |
| Great Hall | 2 | |
| War Mill | 1 | |
| Beastiary | 4 | |
| Fortress | 1 | |
| Watch Tower | 8 | |
26 total
» build order
00:12 Ziggurat
00:16 Orc Burrow
00:21 Crypt
00:51 Altar of Storms
00:52 Barracks
01:06 Orc Burrow
02:07 Voodoo Lounge
02:55 Stronghold
03:52 Orc Burrow
04:51 Great Hall
05:57 Orc Burrow
06:20 War Mill
07:22 Beastiary
07:26 Beastiary
09:20 Fortress
11:25 Beastiary
11:25 Beastiary
13:10 Great Hall
13:15 Watch Tower
13:16 Watch Tower
13:16 Watch Tower
13:17 Watch Tower
13:17 Watch Tower
13:18 Watch Tower
14:36 Watch Tower
14:38 Watch Tower
» items
| Healing Salve | 2 | |
| Boots of Speed | 1 | |
| Staff of Teleportation | 1 | |
| Periapt of Vitality | 1 | |
| Scroll of Town Portal | 1 | |
6 total
Chat log
(00:11 / Allies) just.bought.wc3: i got him
(00:25 / Allies) JacobCampbell: k you take him
(00:47 / Allies) dalerdalerdaler: rush?
(00:51 / Allies) just.bought.wc3: yes
(01:01 / All) JacobCampbell: Hi there FlameChampion23 here
(01:22 / All) JacobCampbell: Otherwise known as Jacob Campbell the boy that never left home
(01:39 / All) JacobCampbell: My sister humiliated me yesterday
(01:54 / All) JacobCampbell: I asked her hand in marriage at a ball game, it was up on the big screen
(02:03 / All) JacobCampbell: She said no in front of the whole crowd
(02:15 / All) JacobCampbell: Told me later she only wanted to be siblings with benefits
(02:35 / All) Vajango: what a bitch
(02:39 / All) JacobCampbell: I know
(02:48 / All) Vajango: you deserve better
(02:52 / All) JacobCampbell: I told her I never wanted to see her again other than at breakfast and supper
(03:11 / All) JacobCampbell: Yeah I treater her so well I always gave her compliments she's a little fat but I didn't mind
(03:29 / All) JacobCampbell: I bought her a Bulma outfit so she could cosplay for me while we do the nasty
(03:35 / All) cun7puncher69: You again?!??!
(07:55 / Allies) just.bought.wc3: hit and run
(07:57 / Allies) just.bought.wc3: hess got chims
(07:59 / Allies) just.bought.wc3: i beet
(08:54 / Allies) just.bought.wc3: sotp touching pink